 Dungeon Crawl Stone Soup version 0.28.0-53-g5a82cb258f (webtiles) character file.

Game seed: 3276708616732222629

35 concernfroge the Sneak (level 3, -1/24 HPs)
             Began as an Octopode Brigand on June 18, 2022.
             Shot with a stone by a goblin (3 damage)
             ... led by Robin
             ... on level 2 of the Dungeon.
             The game lasted 00:04:38 (1170 turns).

concernfroge the Sneak (Octopode Brigand)           Turns: 1170, Time: 00:04:39

Health: -1/24      AC:  1    Str: 10    XL:     3   Next: 33%
Magic:  3/3        EV: 12    Int: 13    God:
Gold:   20         SH:  0    Dex: 15    Spells: 2/2 levels left

rFire   . . .      SeeInvis .   a - +2 dagger (spect)
rCold   . . .      Faith    .   (no shield)
rNeg    . . .      Spirit   .   (helmet restricted)
rPois   .          Reflect  .   (no amulet)
rElec   .          Harm     .   g - ring of resist corrosion
rCorr   +          Rampage  .   (no ring)
Will    .....                   (no ring)
Stlth   ++++......              (no ring)
HPRegen 0.08/turn               (no ring)
MPRegen 0.08/turn               (no ring)
                                (no ring)
                                (no ring)

@: no status effects
A: almost no armour, amphibious, 8 rings, camouflage 1, gelatinous body 1,
(nimble swimmer 1), tentacles
a: no special abilities


You were on level 2 of the Dungeon.
You visited 1 branch of the dungeon, and saw 2 of its levels.

You collected 20 gold pieces.

Inventory:

Hand Weapons
 a - a +2 spectral dagger (weapon)
Missiles
 b - 8 poisoned darts (quivered)
 c - 2 curare-tipped darts
Jewellery
 g - a ring of resist corrosion (left tentacle)
Scrolls
 d - a scroll of blinking
 f - a scroll of teleportation {unknown}
Potions
 e - a potion of might


   Skills:
 + Level 2.1 Fighting
 + Level 2.5 Short Blades
 + Level 2.6 Throwing
 - Level 1.0 Dodging
 + Level 5.8 Stealth


You had 2 spell levels left.
You didn't know any spells.
Your spell library was empty.

Dungeon Overview and Level Annotations

Branches:
Dungeon (2/15)

Altars:

Annotations:
D:2 Robin


Innate Abilities, Weirdness & Mutations

You cannot wear most types of armour.
You are amphibious.
You can wear up to eight rings at the same time.
Your skin changes colour to match your surroundings (Stealth+).
Your rubbery body absorbs attacks. (AC +1, EV +1)
((You are camouflaged when in or above water. (Stealth+)))
You have tentacles for arms and can constrict up to eight enemies at once.


Message History

You closely miss the goblin. You grab the goblin. You constrict the goblin.
The goblin barely misses you. Robin throws the goblin at you!
You hit the goblin.
You kill the goblin!
The goblin barely misses you.
You barely miss the goblin. Your grab misses the goblin.
The hobgoblin misses you.
Robin says, "Feeling lonely?"
Robin roars a battlecry!
The goblins go into a battle-frenzy!
The goblin closely misses you.
You hear a shout! x2
You hit the goblin.
You kill the goblin!
The hobgoblin hits you.
A goblin comes into view. It is wielding a +0 dagger.
You barely miss the hobgoblin. You grab the hobgoblin.
You squeeze the hobgoblin.
You kill the hobgoblin!
You closely miss the goblin. You grab the goblin. You squeeze the goblin.
You kill the goblin!
Robin throws the goblin at you! The goblin hits you with a +0 dagger.
The goblin unwields a +0 dagger.
The goblin wields a +0 hunting sling.
The goblin shoots a stone.
The stone hits you.
You hit the goblin. Your grab misses the goblin.
Your squeeze misses the goblin.
The goblin is moderately wounded.
The goblin hits you but does no damage.
You hit the goblin.
You kill the goblin!
The hobgoblin barely misses you. Robin throws the goblin at you!
Blink to where?
Press: ? - help, Dir - move target
As you read the scroll labelled UDOEDI FUCSUIW, it crumbles to dust.
It was a scroll of blinking.
The goblin shoots a stone.
The stone hits you.
* * * LOW HITPOINT WARNING * * *
The goblin shoots a stone.
The stone hits you.
* * * LOW HITPOINT WARNING * * *
The goblin shoots a stone.
The stone hits you.
You die...

..r# ...## ..g.
g..# ...# .gr#
###########...#.#
#.......gg)gg...#
#@###############
#.# #.#
#.###########
#...........#
###########.# #.#
#.# #.######


You could see a goblin (strong).

Vanquished Creatures
  4 ball pythons (D:1)
  5 endoplasms (D:1)
  A giant cockroach (D:1)
  3 hobgoblins
  3 quokkas (D:1)
  2 bats (D:1)
  6 goblins
  4 kobolds (D:1)
  2 rats (D:1)
30 creatures vanquished.

Notes
Turn   | Place    | Note
-------+----------+-------------------------------------------
     0 | D:1      | concernfroge the Octopode Brigand began the quest for the
                  | Orb.
     0 | D:1      | Reached XP level 1. HP: 14/14 MP: 1/1
   245 | D:1      | Reached XP level 2. HP: 19/19 MP: 2/2
   298 | D:1      | Found a faded altar of an unknown god.
   527 | D:1      | Reached XP level 3. HP: 14/24 MP: 3/3
  1156 | D:2      | Noticed Robin
  1170 | D:2      | Shot with a stone by a goblin

Illustrated notes

Levels and vault maps discovered:
D:1:      onia_arrival_mini_maze, layout_loops_ring,
          ebering_ecumenical_altar_rust
D:2:      layout_basic, uniq_robin, uniq_terence

Action                   || total
-------------------------++-------
Melee: Dagger            ||    39
       Constrict         ||     7
       Tentacles         ||     6
Throw: Dart              ||     2
  Use: Scroll            ||     3
       Potion            ||     1
 Stab: Sleeping          ||    13
Armor: Skin              ||     5
Dodge: Dodged            ||    11
